 Seeded DCSS version 0.29-a0-1047-g7c58e119a4 (webtiles) character file.

Game seed: 7296620447873847827 (custom seed)

359 voltaire321 the Sneak (level 6, -4/35 HPs)
             Began as a Kobold Enchanter on Aug 16, 2022.
             Was an Initiate of Dithmenos.
             Slain by a black bear (9 damage)
             ... on level 4 of the Dungeon.
             The game lasted 00:12:43 (3181 turns).

voltaire321 the Sneak (Kobold Enchanter)            Turns: 3181, Time: 00:12:44

Health: -4/35      AC:  2    Str:  7    XL:     6   Next: 97%
Magic:  3/10       EV: 15    Int: 19    God:    Dithmenos [......]
Gold:   148        SH:  0    Dex: 16    Spells: 1/11 levels left

rFire   . . .      SeeInvis .   l - +0 short sword (freeze)
rCold   + . .      Faith    .   (no shield)
rNeg    . . .      Spirit   .   q - +0 robe of the End {rElec rC+ Regen+ Int+3}
rPois   .          Reflect  .   (no helmet)
rElec   +          Harm     .   (no cloak)
rCorr   .          Rampage  .   (no gloves)
Will    .....                   (no boots)
Stlth   ++++......              (no amulet)
HPRegen 0.91/turn               (no ring)
MPRegen 0.12/turn               (no ring)

@: no status effects
A: small, no large weapons, nightstalker 3
a: Renounce Religion


You were on level 4 of the Dungeon.
You worshipped Dithmenos.
Dithmenos was noncommittal.
You visited 2 branches of the dungeon, and saw 5 of its levels.

You collected 148 gold pieces.

Inventory:

Hand Weapons
 a - a +1 dagger
 l - a +0 short sword of freezing (weapon)
Armour
 j - a +2 buckler
 q - the +0 robe of the End (worn) {rElec rC+ Regen+ Int+3}
   (You found it on level 2 of the Dungeon)

   Int:       It affects your intelligence (+3).
   rC:        It protects you from cold.
   rElec:     It insulates you from electricity.
   Regen:     It increases your rate of health regeneration.
Wands
 p - a wand of charming (9)
Scrolls
 b - a scroll of noise {unknown}
 e - a scroll of poison {unknown}
 h - 3 scrolls of identify {unknown}
 i - a scroll of immolation {unknown}
 o - 3 scrolls of teleportation
 r - a scroll of magic mapping {unknown}
Potions
 c - 2 potions of invisibility
 d - 2 potions of lignification {unknown}
 f - 2 potions of curing {unknown}
 g - a potion of haste {unknown}
 k - a potion of brilliance {unknown}
 m - a potion of heal wounds {unknown}
 n - a potion of might {unknown}


   Skills:
 + Level 2.1 Fighting
 + Level 3.2 Short Blades
 + Level 3.6 Dodging
 + Level 5.2 Stealth
 + Level 3.2 Spellcasting
 + Level 3.7 Hexes
 + Level 2.1 Summonings
 + Level 1.5 Ice Magic
 + Level 0.2 Invocations


You had one spell level left.
You knew the following spells:

 Your Spells              Type           Power      Damage    Failure   Level
a - Ensorcelled Hibernat  Hex/Ice        26%        N/A       8%          2
b - Call Imp              Summ           11%        N/A       10%         2
c - Call Canine Familiar  Summ           11%        N/A       19%         3
d - Frozen Ramparts       Ice            16%        1d3       24%         3

Your spell library contained the following spells:

 Spells                   Type           Power      Damage    Failure   Level
 Summon Small Mammal      Summ           44%        N/A       6%          1
 Freeze                   Ice            32%        1d5       8%          1
 Magic Dart               Conj           12%        1d3       16%         1
 Shock                    Conj/Air       12%        1d3       16%         1
 Confusing Touch          Hex            17%        N/A       10%         3
 Tukima's Dance           Hex            17%        N/A       10%         3
 Summon Guardian Golem    Hex/Summ       14%        N/A       14%         3
 Dazzling Flash           Conj/Hex       20%        N/A       21%         3
 Mephitic Cloud           Conj/Pois/Air  3%         N/A       41%         3
 Stone Arrow              Conj/Erth      6%         3d7       41%         3
 Swiftness                Air            3%         N/A       41%         3
 Animate Armour           Summ/Erth      14%        N/A       67%         4
 Hailstorm                Conj/Ice       6%         3d4       71%         4
 Airstrike                Air            1%         2d(1-17)  83%         4
 Lehudib's Crystal Spear  Conj/Erth      1%         10d2      100%        8


Dungeon Overview and Level Annotations

Branches:
Dungeon (4/15)             Temple (1/1) D:4

Altars:
Ashenzari
Cheibriados
Dithmenos
Elyvilon
Fedhas
Gozag
Kikubaaqudgha
Okawaru
Qazlal
Sif Muna
Trog
Uskayaw
Vehumet
Wu Jian
Xom
Yredelemnul
Zin
The Shining One

Annotations:
D:4 Dowan, Duvessa


Innate Abilities, Weirdness & Mutations

You are small and have problems with some larger weapons.
You are completely attuned to the shadows.


Message History

Confirm with . or Enter, or press ? or * to list all spells.
Aiming: Ensorcelled Hibernation (safe; 8% risk of failure)
Press: ? - help, Shift-Dir - straight line, f/p - black bear
Aim: a black bear (ally target, chance to affect: 47%)
The black bear resists with some effort.
The black bear misses you. The black bear claws you. x2
Casting: Ensorcelled Hibernation (safe; 8% risk of failure)
Confirm with . or Enter, or press ? or * to list all spells.
Aiming: Ensorcelled Hibernation (safe; 8% risk of failure)
Press: ? - help, Shift-Dir - straight line, f/p - black bear
Aim: a black bear (ally target, chance to affect: 47%)
The black bear looks drowsy...
Your crimson imp blinks!
The helpless black bear fails to defend itself.
You impale the black bear!! You freeze the black bear.
The black bear is severely wounded.
The black bear bites you. The black bear misses you. The black bear claws you.
You hit the black bear. You freeze the black bear.
The black bear is almost dead.
The black bear goes berserk!
You hit the black bear. You freeze the black bear.
The black bear is almost dead.
The black bear closely misses you. The black bear misses you.
The black bear claws you.
An endoplasm comes into view.
You hit the black bear but do no damage.
The black bear is almost dead.
The black bear misses you. The black bear claws you!
The black bear closely misses you. The black bear barely misses you. x2
The black bear claws you.
You hit the black bear but do no damage.
The black bear is almost dead.
The black bear bites you!
* * * LOW HITPOINT WARNING * * *
The black bear barely misses you. The black bear claws you.
* * * LOW HITPOINT WARNING * * *
You hit the black bear but do no damage.
The black bear is almost dead.
The black bear bites you!
You die...

###...... ..........
>......... ### #..........
#######.# #.........
#.....[.# ##........
#.......#####........
#..........h.).......
####..#.#.@##........
#.†#...5.#........
#..##..#.J........
#...#..###......##
#...#..# #......#
##...#..# #............#
.........###......#8.8#.#
.##..#............##.##.##
#####..##....###.#......


You could see a black bear (berserk, ally target), an endoplasm and a friendly
crimson imp (summoned).

Vanquished Creatures
  A black bear (D:3)
  An ogre (D:3)
  A necrophage (D:4)
  4 adders
  2 worms (D:2)
  2 dart slugs
  5 orcs (D:3)
  5 bats
  9 endoplasms
  7 giant cockroaches
  5 goblins
  8 hobgoblins
  A jackal (D:1)
  A quokka (D:1)
  4 ball pythons
  6 frilled lizards
  8 kobolds
  5 rats
75 creatures vanquished.

Vanquished Creatures (collateral kills)
  3 jackals (D:1)
  A frilled lizard (D:1)
4 creatures vanquished.

Grand Total: 79 creatures vanquished

Notes
Turn   | Place    | Note
-------+----------+-------------------------------------------
     0 | D:1      | voltaire321 the Kobold Enchanter began the quest for the
                  | Orb.
     0 | D:1      | Reached XP level 1. HP: 10/10 MP: 3/3
   257 | D:1      | Reached XP level 2. HP: 16/16 MP: 5/5
   260 | D:1      | Learned a level 2 spell: Call Imp
   278 | D:1      | Found a faded altar of an unknown god.
   584 | D:1      | Reached XP level 3. HP: 7/20 MP: 6/6
  1043 | D:2      | Reached skill level 1 in Fighting
  1117 | D:2      | Learned a level 2 spell: Ensorcelled Hibernation
  1128 | D:2      | Identified the +0 robe of the End {rElec rC+ Regen+ Int+3}
  1230 | D:2      | Learned a level 3 spell: Call Canine Familiar
  1310 | D:2      | Reached XP level 4. HP: 25/25 MP: 7/7
  1751 | D:3      | Noticed a black bear
  1755 | D:3      | Killed a black bear
  1756 | D:3      | Reached skill level 1 in Summonings
  1756 | D:3      | Reached XP level 5. HP: 25/29 MP: 7/9
  1913 | D:3      | Reached skill level 1 in Ice Magic
  2078 | D:3      | Noticed an ogre
  2156 | D:3      | Reached XP level 6. HP: 35/35 MP: 10/10
  2507 | D:4      | Found a radiant altar of Vehumet.
  2568 | D:4      | Noticed Duvessa
  2568 | D:4      | Noticed Dowan
  2870 | D:3      | Learned a level 3 spell: Frozen Ramparts
  2935 | D:3      | Killed an ogre
  2936 | D:3      | Reached skill level 5 in Stealth
  3025 | D:4      | Found a staircase to the Ecumenical Temple.
  3030 | Temple   | Entered the Ecumenical Temple
  3039 | Temple   | Became a worshipper of Dithmenos the Shadowed
  3163 | D:4      | Noticed a black bear
  3181 | D:4      | Slain by a black bear

Illustrated notes

Levels and vault maps discovered:
D:1:      lemuel_arrival_tunnels, layout_rooms, dreamdust_ecumenical_altar_grove
D:2:      layout_rooms
D:3:      layout_loops_cross
D:4:      layout_rooms, mainiacjoe_overflow_brackets, temple_doors_e,
          minmay_stone_trees_small, small_statue_intersection, st_stairs_14,
          uniq_duvessa
Temple:   sentei_temple_godly_chess

Skill      XL: |  1  2  3  4  5  6 |
---------------+-------------------+-----
Short Blades   | 2 3 |  3.2
Fighting       | 1 2 |  2.1
Dodging        | 3 |  3.6
Summonings     | 1 2 |  2.1
Ice Magic      | 1 |  1.5
Spellcasting   | 3 |  3.2
Stealth        | 5 |  5.2
Hexes          | |  3.7
Invocations    | |  0.2

Action                   |  1- 3 |  4- 6 || total
-------------------------+-------+-------++-------
Melee: Dagger            |    38 |       ||    38
       Short sword       |    22 |   160 ||   182
       Punch             |     1 |     2 ||     3
 Cast: Ensorcelled Hiber |       |    10 ||    10
       Call Imp          |       |     6 ||     6
  Use: Scroll            |       |     1 ||     1
 Stab: Sleeping          |    20 |    17 ||    37
Armor: Robe              |     5 |    20 ||    25
Dodge: Dodged            |    28 |   113 ||   141

Table legend: (Time is in decaauts)
 A = Elapsed time spent in this place.
 B = Non-inter-level travel time spent in this place.
 C = Inter-level travel time spent in this place.
 D = Time resting spent in this place.
 E = Time spent auto-exploring this place.
 F = Levels seen in this place.
 G = Mean time per level.
                   A        B        C        D        E       F      G
               +--------+--------+--------+--------+--------+-----+--------+
         Total |   3173 |   2946 |    227 |    580 |   1292 |   5 |  634.6 |
       Dungeon |   3161 |   2934 |    227 |    580 |   1292 |   4 |  790.2 |
        Temple |     12 |     12 |      0 |      0 |      0 |   1 |   12.0 |
               +--------+--------+--------+--------+--------+-----+--------+

Top non-repeatable levels by time:
     D:3: 1150 daAuts
     D:1: 968 daAuts
     D:2: 716 daAuts
     D:4: 325 daAuts
  Temple: 12 daAuts
